 Dungeon Crawl Stone Soup version 0.31-a0-889-g1a8549509d (webtiles) character file.

Game seed: 8987351541380846156

3691 Darius099 the Severer (level 9, 0/67 (70) HPs)
             Began as a Minotaur Fighter on Oct 16, 2023.
             Was a Priest of Okawaru.
             Slain by a death yak (8 damage)
             ... on level 9 of the Dungeon.
             The game lasted 00:20:07 (8023 turns).

Darius099 the Severer (Minotaur Fighter)            Turns: 8023, Time: 00:20:09

HP:   0/67 (70)     AC: 13    Str: 24    XL:     9   Next: 90%
MP:   8/8           EV:  6    Int:  5    God:    Okawaru [***...]
Gold: 212           SH:  4    Dex: 11    Spells: 8/8 levels left

rFire   . . .        a - +0 war axe (venom)
rCold   . . .        c - +0 buckler
rNeg    . . .        B - +0 plate armour
rPois   .            (helmet restricted)
rElec   .            (no cloak)
rCorr   .            w - +0 pair of gloves {Stlth+}
SInv    .            z - +0 pair of boots
Will    .....        (no amulet) Stlth
                     (no ring)
HPRegen 0.31/turn    (no ring)
MPRegen 0.11/turn

%: no passive effects
@: lightly drained
A: horns 2, retaliatory headbutt
a: Renounce Religion, Heroism


You were on level 9 of the Dungeon.
You worshipped Okawaru.
Okawaru was most pleased with you.
You visited 2 branches of the dungeon, and saw 10 of its levels.
You also visited: Sewer.

You collected 399 gold pieces.
You spent 187 gold pieces at shops.

Inventory:

Hand Weapons
 a - a +0 war axe of venom (weapon)
Missiles
 y - 2 throwing nets
Armour
 c - a +0 buckler (worn)
 w - a +0 pair of gloves of stealth (worn)
 z - a +0 pair of boots (worn)
 B - a +0 plate armour (worn)
Wands
 f - a wand of acid (1)
 m - a wand of flame (32)
Scrolls
 b - a scroll of immolation {unknown}
 e - a scroll of enchant weapon {unknown}
 g - 2 scrolls of brand weapon
 h - a scroll of acquirement {unknown}
 n - 4 scrolls of teleportation
 o - 4 scrolls of fear
 p - a scroll of blinking
 t - a scroll of vulnerability {unknown}
 v - a scroll of silence {unknown}
 A - a scroll of fog
 C - a scroll of poison {unknown}
Potions
 d - 2 potions of might
 i - 2 potions of mutation
 q - a potion of berserk rage
 s - a potion of ambrosia
 u - 3 potions of curing
 x - 2 potions of haste


   Skills:
 - Level 3.6 Fighting
 + Level 16.6 Axes
 - Level 3.6 Armour
 - Level 3.6 Shields


You had 8 spell levels left.
You didn't know any spells.
Your spell library contained the following spells:

 Spells                   Type           Power      Damage    Failure   Level
 Slow                     Hex            0%         N/A       100%        1
 Sting                    Tmut/Pois      0%         1d3       100%        1
 Ensorcelled Hibernation  Hex/Ice        0%         N/A       100%        2
 Jinxbite                 Hex            0%         N/A       100%        2
 Poisonous Vapours        Pois/Air       0%         N/A       100%        2
 Confusing Touch          Hex            0%         N/A       100%        3
 Sigil of Binding         Hex            0%         N/A       100%        3
 Vampiric Draining        Necr           0%         2d6       100%        3
 Anguish                  Hex/Necr       0%         N/A       100%        4
 Olgreb's Toxic Radiance  Pois           0%         N/A       100%        4


Dungeon Overview and Level Annotations

Branches:
Dungeon (9/15)             Temple (1/1) D:6            Lair (0/5) D:9
  Sewer (visited)
    Orc: D:9-12

Altars:
Ashenzari
Elyvilon
Fedhas
Gozag
Hepliaklqana
Kikubaaqudgha
Nemelex Xobeh
Okawaru
Qazlal
Ru
Sif Muna
Trog
Uskayaw
Vehumet
Wu Jian
Xom
Yredelemnul
Zin
The Shining One

Shops:
D:4 [   D:7 (


Innate Abilities, Weirdness & Mutations

You have a pair of horns on your head.
You reflexively headbutt those who attack you in melee.


Message History

Okawaru accepts your kill. The wight hits you but does no damage.
The death yak snorts and paws the ground.
The wight barely misses you.
Items here: )) †††††.
You hit the wight.
You headbutt the wight, but do no damage.
The wight is lightly damaged.
You hit the death yak but do no damage.
The death yak is poisoned.
The wight hits you but does no damage.
The wight hits you from afar with a +0 trident.
You slash the death yak!
The death yak looks as sick as possible!
The death yak is lightly wounded.
The death yak gores you!
You slash the death yak!
The death yak looks as sick as possible!
The death yak is moderately wounded.
The wight completely misses you. You block the death yak's attack.
You slice the death yak!!
The death yak looks as sick as possible!
The death yak is severely wounded.
The wight barely misses you. The death yak gores you!
* * * LOW HITPOINT WARNING * * *
You slash the death yak!
The death yak looks as sick as possible!
You headbutt the death yak, but do no damage.
The death yak is almost dead.
You barely miss the death yak. Your headbutt misses the death yak.
The death yak is almost dead.
You block the wight's attack. The death yak gores you.
* * * LOW HITPOINT WARNING * * *
You hit the death yak but do no damage.
The death yak looks as sick as possible!
You headbutt the death yak.
The death yak is almost dead.
The wight hits you from afar with a +0 trident.
* * * LOW HITPOINT WARNING * * *
The death yak gores you!
You die...

...Y... .Y>.... . #.
.Y..... .#.######
......$ ........##
....... ##...#.....
....... ##......#.# ##
......z###.........##.#
#...YYYY##.....#..#..
.....###zY@..........
.## #####...##..#
##.###..# . #......#
##..# ####...# ....#
#...# #...#
#######...##
...........##


You could see 2 death yaks, 3 yaks and 2 wights.

Vanquished Creatures
  A death yak (D:9)
  A wyvern (D:8)
  6 yaks (D:8)
  A water moccasin (D:5)
  Pargi (Sewer)
  An ogre (D:3)
  2 orc warriors
  A centaur (D:6)
  2 phantoms
  A bullfrog (D:7)
  3 scorpions
  7 killer bees
  A howler monkey (D:5)
  2 orc priests
  A jelly (D:4)
  A gnoll bouda (D:8)
  3 hounds
  6 iguanas
  4 orc wizards
  3 hell rats (D:9)
  9 gnolls
  5 adders
  3 river rats
  3 white imps
  3 worms
  5 dart slugs
  22 orcs
  5 endoplasms
  4 giant cockroaches (D:3)
  7 goblins
  5 hobgoblins
  6 jackals
  6 quokkas
  9 ball pythons
  2 bats
  7 frilled lizards
  7 kobolds
  4 rats
160 creatures vanquished.

Notes
Turn   | Place    | Note
-------+----------+-------------------------------------------
     0 | D:1      | Darius099 the Minotaur Fighter began the quest for the Orb.
     0 | D:1      | Reached XP level 1. HP: 19/19 MP: 0/0
   125 | D:1      | Reached skill level 3 in Axes
   125 | D:1      | Reached XP level 2. HP: 6/26 MP: 1/1
   295 | D:1      | Found a faded altar of an unknown god.
   543 | D:1      | Reached skill level 4 in Axes
   811 | D:2      | Reached XP level 3. HP: 20/31 MP: 2/2
  1170 | D:2      | Reached skill level 5 in Axes
  1643 | D:3      | Reached XP level 4. HP: 39/39 MP: 3/3
  1735 | D:3      | Found a glowing drain.
  1750 | Sewer    | Entered a sewer
  1815 | Sewer    | Reached skill level 6 in Axes
  1825 | Sewer    | Noticed Pargi
  1835 | Sewer    | Killed Pargi
  1836 | Sewer    | Reached skill level 7 in Axes
  1836 | Sewer    | Reached XP level 5. HP: 30/45 MP: 4/4
  2145 | D:3      | Noticed an ogre
  2153 | D:3      | Killed an ogre
  2154 | D:3      | Reached skill level 8 in Axes
  2154 | D:3      | Reached XP level 6. HP: 29/51 MP: 5/5
  2832 | D:4      | Found Xeigau's Antique Armour Shoppe.
  3373 | D:5      | Entered Level 5 of the Dungeon
  3508 | D:5      | Reached skill level 9 in Axes
  3558 | D:5      | Found a bloodstained altar of Trog.
  3592 | D:5      | Reached XP level 7. HP: 48/57 MP: 6/6
  3686 | D:4      | Bought a pair of glowing gloves for 187 gold pieces
  4253 | D:5      | Reached skill level 10 in Axes
  4899 | D:6      | Reached skill level 11 in Axes
  4938 | D:6      | Reached XP level 8. HP: 64/64 MP: 7/7
  5121 | D:6      | Found a staircase to the Ecumenical Temple.
  5134 | Temple   | Entered the Ecumenical Temple
  5206 | Temple   | Became a worshipper of Warmaster Okawaru
  5788 | D:7      | Reached skill level 12 in Axes
  6011 | D:7      | Found Inilukaero's Weapon Shoppe.
  6136 | D:7      | Reached * piety under Okawaru
  6442 | D:8      | Reached skill level 13 in Axes
  6778 | D:8      | Found an opulent altar of Gozag.
  6913 | D:8      | Reached skill level 14 in Axes
  6913 | D:8      | Reached XP level 9. HP: 69/70 MP: 8/8
  6983 | D:8      | Reached skill level 15 in Axes
  6986 | D:8      | Reached ** piety under Okawaru
  7907 | D:9      | Noticed a death yak
  7921 | D:9      | Killed a death yak
  7921 | D:9      | Reached *** piety under Okawaru
  7922 | D:9      | Reached skill level 16 in Axes
  7978 | D:9      | Found a staircase to the Lair.
  7978 | D:9      | Noticed a death yak
  8004 | D:9      | Noticed a death yak
  8023 | D:9      | Slain by a death yak

Illustrated notes

Levels and vault maps discovered:
D:1:      dpeg_arrival_stone_temple_mockup, layout_basic,
          chequers_ecumenical_altar_twisty
D:2:      layout_loops_ring
D:3:      layout_basic, gup_sewer_entry_bowl
D:4:      layout_gridville, serial_shops, shop
D:5:      layout_cave_pods, kennysheep_mini
D:6:      layout_basic, minmay_temple_entry_overgrown
D:7:      layout_cave_pools, serial_shops, shop
D:8:      layout_basic, nicolae_gozag_seed_capital, due_unseen_surprise
D:9:      layout_loops_ring, mainiacjoe_overflow_swirl, dpeg_lair_monsters,
          david_orc_5
Temple:   minmay_temple_bridge_d

Skill      XL: |  1  2  3  4  5  6  7  8  9 |
---------------+----------------------------+-----
Axes           | 3 4 5 7 8 9 11 14 16 | 16.6
Fighting       | |  3.6
Armour         | |  3.6
Shields        | |  3.6

Action                     |  1- 3 |  4- 6 |  7- 9 || total
---------------------------+-------+-------+-------++-------
  Melee: War axe           |    82 |   120 |   261 ||   463
         Headbutt          |     7 |    19 |    53 ||    79
 Invoke: Heroism           |       |       |     1 ||     1
    Use: Scroll            |       |       |    15 ||    15
 Armour: Scale mail        |    51 |    92 |    31 ||   174
         Chain mail        |       |       |    86 ||    86
         Plate armour      |       |       |    75 ||    75
  Dodge: Dodged            |    39 |    63 |    70 ||   172
  Block: Buckler           |     9 |    19 |    45 ||    73

Table legend: (Time is in decaauts)
 A = Elapsed time spent in this place.
 B = Non-inter-level travel time spent in this place.
 C = Inter-level travel time spent in this place.
 D = Time resting spent in this place.
 E = Time spent auto-exploring this place.
 F = Levels seen in this place.
 G = Mean time per level.
                   A        B        C        D        E       F      G
               +--------+--------+--------+--------+--------+-----+--------+
         Total |   8073 |   7617 |    456 |   1128 |   4921 |  11 |  733.9 |
       Dungeon |   7653 |   7337 |    316 |   1038 |   4887 |   9 |  850.3 |
        Temple |    144 |      4 |    140 |      0 |      0 |   1 |  144.0 |
         Sewer |    274 |    274 |      0 |     90 |     34 |   1 |  274.0 |
               +--------+--------+--------+--------+--------+-----+--------+

Top non-repeatable levels by time:
     D:8: 1338 daAuts
     D:5: 1103 daAuts
     D:6: 1036 daAuts
     D:4: 921 daAuts
     D:2: 837 daAuts
     D:1: 809 daAuts
     D:3: 677 daAuts
     D:7: 655 daAuts
     D:9: 275 daAuts
   Sewer: 274 daAuts
  Temple: 144 daAuts
